 Dungeon Crawl Stone Soup version 0.25.1-2-g60ff931df9 (webtiles) character file.

Game seed: 5536168278908290884

106 Joeren the Firebug (level 5, -1/35 HPs)
             Began as a Formicid Fire Elementalist on Aug 26, 2020.
             Slain by a gnoll (2 damage)
             ... on level 2 of the Dungeon.
             The game lasted 00:12:07 (2222 turns).

Joeren the Firebug (Formicid Fire Elementalist)     Turns: 2222, Time: 00:12:08

Health: -1/35      AC:  4    Str: 13    XL:     5   Next: 10%
Magic:  1/10       EV: 12    Int: 15    God:
Gold:   94         SH:  0    Dex: 11    Spells: 6/10 levels left

rFire    . . .     SeeInvis +   d - +1 dagger
rCold    . . .     Gourm    .   (no shield)
rNeg     . . .     Faith    .   a - +0 robe
rPois    .         Spirit   .   (helmet unavailable)
rElec    .         Reflect  .   (no cloak)
rCorr    .         Harm     .   e - +0 pair of gloves
MR       .....                  h - +0 pair of boots
Stlth    ++........             (no amulet)
HPRegen  0.11/turn              (no ring)
MPRegen  0.12/turn              (no ring)

@: no status effects
A: permanent stasis, dig shafts and tunnels, four strong arms, antennae 3
a: Dig, Shaft Self


You were on level 2 of the Dungeon.
You were not hungry.

You visited 1 branch of the dungeon, and saw 3 of its levels.

You collected 94 gold pieces.

Inventory:

Hand Weapons
 d - a +1 dagger (weapon)
Missiles
 f - 61 stones (quivered)
Armour
 a - a +0 robe (worn)
 e - a +0 pair of gloves (worn)
 h - a +0 pair of boots (worn)
Scrolls
 g - 2 scrolls of identify {unknown}
 i - 2 scrolls of remove curse {unknown}
Comestibles
 c - 6 rations


   Skills:
 - Level 1.7 Dodging
 - Level 2.4 Stealth
 + Level 3.3 Spellcasting
 + Level 2.3 Conjurations
 + Level 3.9 Fire Magic


You had 6 spell levels left.
You knew the following spells:

 Your Spells              Type           Power        Failure   Level  Hunger
a - Foxfire               Conj/Fire      ##..         5%          1    None
b - Conjure Flame         Conj/Fire      ##......     16%         3    ###....

Your spell library contained the following spells:

 Spells                   Type           Power        Failure   Level  Hunger
 Inner Flame              Hex/Fire       #.......     26%         3    ###....
 Sticky Flame             Conj/Fire      ##......     47%         4    ####...
 Fireball                 Conj/Fire      ##........   83%         5    ######.


Dungeon Overview and Level Annotations

Branches:
Dungeon (3/15)

Altars:
Xom

Annotations:
D:1 exclusion: 2 downstairs


Innate Abilities, Weirdness & Mutations

You cannot be hasted, slowed, berserked, paralysed or teleported.
You can dig through walls and to a lower floor.
Your four strong arms can wield two-handed weapons with a shield.
You have a pair of large antennae on your head. (SInv)


Message History

The gnoll is severely wounded.
The gnoll hits you from afar with a +0 spear.
The gnoll hits you.
Unknown command.
You closely miss the gnoll.
The gnoll is severely wounded.
The gnoll closely misses you. The gnoll hits you.
You closely miss the gnoll.
The gnoll is severely wounded.
The gnoll misses you. x2
You closely miss the gnoll.
The gnoll is severely wounded.
The gnoll hits you from afar with a +0 spear!
* * * LOW HITPOINT WARNING * * *
The gnoll hits you.
* * * LOW HITPOINT WARNING * * *
You barely miss the gnoll.
The gnoll is severely wounded.
The gnoll hits you but does no damage. The gnoll hits you.
You die...

##.......# ###...####### #
##......##### #.........# ####
#....<...<.####.........# ...##
##########...##.........# ##.>#
###............# ##.#
####.........# #.#####
#############....# ##.....##
###.#.#...#.#.#....# ##.......##
#.g@#...#...#......# #.........#
#.#...#.#.#...#....#
#.........####.#g..#.#.#...##.###
#..............).#...#...#....#
#.........##.###.#.#.).#.#.#..#
..........##.[###############.#
#...........#.#####.#.# #.#
.....)....#.#.##..#.#.# #.#
.(........#........_..# #.#


You could see 2 gnolls.

Vanquished Creatures
  A howler monkey (D:2)
  2 gnolls (D:2)
  3 dart slugs
  2 leopard geckos (D:1)
  A ball python (D:2)
  2 giant cockroaches (D:1)
  5 goblins
  5 hobgoblins
  6 bats (D:1)
  4 frilled lizards
  5 kobolds
  4 rats
40 creatures vanquished.

Vanquished Creatures (others)
  109 foxfires
109 creatures vanquished.

Grand Total: 149 creatures vanquished

Notes
Turn   | Place    | Note
-------+----------+-------------------------------------------
     0 | D:1      | Joeren the Formicid Fire Elementalist began the quest for
                  | the Orb.
     0 | D:1      | Reached XP level 1. HP: 13/13 MP: 3/3
    20 | D:1      | Reached skill level 1 in Conjurations
   135 | D:1      | Reached XP level 2. HP: 19/19 MP: 1/5
   422 | D:1      | Reached XP level 3. HP: 24/24 MP: 2/7
  1424 | D:2      | Learned a level 3 spell: Conjure Flame
  1513 | D:2      | Found a shimmering altar of Xom.
  1842 | D:2      | Reached XP level 4. HP: 23/30 MP: 2/8
  2200 | D:2      | Reached XP level 5. HP: 33/35 MP: 2/10
  2221 | D:2      | HP: 1/35 [gnoll (1)]
  2222 | D:2      | Slain by a gnoll

Illustrated notes

Levels and vault maps discovered:
D:1:      ncdulo_lavacross, layout_loops_ring
D:2:      layout_rooms, lemuel_crystal_altar, minmay_misc_feat_alley
D:3:      layout_rooms, lemuel_doored_altar, nicolae_overflow_hidden_temple,
          serial_glass, glass_columns_a, glass_columns_a, glass_columns_b,
          glass_columns_c, glass_columns_b, glass_columns_a,
          kennysheep_generic_room_3

Skill      XL: |  1  2  3 |
---------------+----------+-----
Conjurations   | 1 2 |  2.3
Spellcasting   | 3 |  3.3
Dodging        | |  1.7
Stealth        | |  2.4
Fire Magic     | |  3.9

Action                   |  1- 3 |  4- 6 || total
-------------------------+-------+-------++-------
Melee: Unarmed           |     7 |       ||     7
       Dagger            |    57 |    17 ||    74
 Cast: Foxfire           |    68 |    16 ||    84
  Use: Scroll            |     2 |     3 ||     5
       Potion            |     2 |       ||     2
  Eat: Chunk             |     3 |     2 ||     5
Armor: Robe              |    30 |     3 ||    33
Dodge: Dodged            |    57 |    16 ||    73
